 Dungeon Crawl Stone Soup version 0.24.0-123-gd5b16e6ec5 (webtiles) character file.

Game seed: 10440393179190804418, levelgen mode: deterministic

33 Bergy the Cudgeler (level 3, -9/23 HPs)
             Began as a Gargoyle Fighter on Dec 22, 2019.
             Mangled by a yak (10 damage)
             ... on level 5 of the Dungeon.
             The game lasted 00:02:44 (1162 turns).

Bergy the Cudgeler (Gargoyle Fighter)               Turns: 1162, Time: 00:02:45

Health: -9/23      AC: 10    Str: 20    XL:     3   Next: 29%
Magic:  3/3        EV:  7    Int:  8    God:
Gold:   44         SH:  9    Dex:  9    Spells: 2/2 levels left

rFire    . . .     SeeInvis .   a - +0 flail
rCold    . . .     Gourm    .   c - +0 shield
rNeg     + . .     Faith    .   b - +0 scale mail
rPois    ∞         Spirit   .   (no helmet)
rElec    +         Reflect  .   (no cloak)
rCorr    .         Harm     .   (no gloves)
MR       .....                  (no boots)
Stlth    ..........             (no amulet)
HPRegen  0.07/turn              (no ring)
MPRegen  0.08/turn              (no ring)

@: no status effects
A: negative energy resistance 1, electricity resistance, unbreathing,
petrification resistance, rot immunity, AC +3
a: no special abilities


You were on level 5 of the Dungeon.
You were not hungry.

You visited 1 branch of the dungeon, and saw 4 of its levels.

You collected 44 gold pieces.

Inventory:

Hand Weapons
 a - a +0 flail (weapon)
Armour
 b - a +0 scale mail (worn)
 c - a +0 shield (worn)
 i - a +0 helmet
 o - a +1 hat of see invisible
Jewellery
 h - an uncursed ring of stealth {unknown}
Scrolls
 e - a scroll of remove curse {unknown}
 g - a scroll of amnesia {unknown}
 m - a scroll of identify {unknown}
Potions
 d - a potion of might
 j - a potion of ambrosia {unknown}
 k - 2 potions of curing {unknown}
 n - a potion of invisibility {unknown}
Comestibles
 f - 3 rations
 l - a chunk of flesh


   Skills:
 - Level 3.2 Fighting
 * Level 3.6 Maces & Flails
 - Level 3.2 Armour
 - Level 3.2 Shields


You had 2 spell levels left.
You didn't know any spells.
Your spell library was empty.

Dungeon Overview and Level Annotations

Branches:
Dungeon (5/15)
 Temple: D:4-7

Altars:
Uskayaw


Innate Abilities, Weirdness & Mutations

You are resistant to torment.
Your stone body is resilient. (AC +3)
You are immune to poison.
You resist negative energy. (rN+)
You are resistant to electric shocks. (rElec)
You can survive without breathing.
You are immune to petrification.
You are immune to rotting.


Message History

You block the yak's attack. The phantom hits you. The yak gores you!
* * * LOW HITPOINT WARNING * * *
The phantom blinks!
You are too injured to fight recklessly!
You are too injured to fight recklessly!
You are too injured to fight recklessly!
You are too injured to fight recklessly!
You are too injured to fight recklessly!
You hit the yak.
The yak is heavily wounded.
The yak gores you.
* * * LOW HITPOINT WARNING * * *
The phantom blinks!
You hit the yak but do no damage.
The yak is heavily wounded.
The yak barely misses you.
You sock the yak!
The yak is severely wounded.
The yak gores you!
You die...

.. .####.#
...#...
##.....
#...>..
#......##
........#
......Y@#
........#
....W...#
...$?....
.........
.........#
....#...##
..###...#


You could see a yak and a phantom.

Vanquished Creatures
  An adder (D:2)
  2 dart slugs (D:1)
  A giant cockroach (D:1)
  2 goblins (D:1)
  4 hobgoblins (D:1)
  3 jackals (D:1)
  A kobold (D:2)
  2 bats (D:1)
  2 frilled lizards
  A rat (D:1)
19 creatures vanquished.

Notes
Turn   | Place    | Note
-------+----------+-------------------------------------------
     0 | D:1      | Bergy the Gargoyle Fighter began the quest for the Orb.
     0 | D:1      | Reached XP level 1. HP: 14/14 MP: 1/1
    87 | D:1      | Reached XP level 2. HP: 13/19 MP: 2/2
  1023 | D:2      | Reached XP level 3. HP: 23/23 MP: 3/3
  1087 | D:2      | Found a hide-covered altar of Uskayaw.
  1137 | D:2      | You fall into a shaft and drop 2 floors!
  1137 | D:4      | Noticed a yak
  1137 | D:4      | Noticed a yak
  1138 | D:4      | Noticed a yak
  1150 | D:5      | Entered Level 5 of the Dungeon
  1150 | D:5      | Noticed a phantom
  1160 | D:5      | HP: 1/23 [yak (5)]
  1162 | D:5      | Mangled by a yak

Levels and vault maps discovered:
D:1:      minmay_arrival_loop, layout_loops_ring
D:2:      layout_basic, nicolae_overflow_hidden_temple, first_ration
D:4:      layout_cave_pools, gup_sewer_entry_glass
D:5:      layout_cave_pools, led_sif_pool, minmay_temple_entry_hall,
          chequers_serial_rivers_micro_b, makhleb_altar_promises_db, uniq_edmund

Skill      XL: |  1  2 |
---------------+-------+-----
Maces & Flails | 3 |  3.6
Fighting       | |  3.2
Armour         | |  3.2
Shields        | |  3.2

Action                   || total
-------------------------++-------
Melee: Flail             ||    76
  Eat: Chunk             ||     1
Armor: Scale mail        ||    43
Dodge: Dodged            ||    27
Block: Shield            ||    47
